[Event "Plancoet 2012"]
[Site "?"]
[Date "2012.08.02"]
[Round "7.8"]
[White "Pucher, Olivier"]
[Black "Kaulfuss, Helmut"]
[Result "1-0"]
[ECO "B00"]
[WhiteElo "2352"]
[BlackElo "2181"]
[Annotator ",Seb"]
[PlyCount "43"]
[TimeControl "240+2"]

{512MB, Opening Tree.ctg} 1. d4 Nc6 2. Nf3 d6 3. e4 Nf6 4. Nc3 a6 5. a3 Bg4 6.
Be3 e5 7. d5 Ne7 8. h3 Bd7 9. Nd2 Ng6 10. g3 Be7 11. Qe2 h5 12. f4 exf4 13.
gxf4 h4 14. O-O-O Nh5 15. Qf2 Bf6 16. Ne2 Qe7 17. Bg2 Rc8 18. Bf3 c5 19. dxc6
Bxc6 20. Nc4 Bxe4 21. Nxd6+ Qxd6 22. Rxd6 1-0

[Event "Plancoet 2012"]
[Site "?"]
[Date "2012.08.02"]
[Round "7.12"]
[White "Polard, Gaetan"]
[Black "Binard, Vianney"]
[Result "1-0"]
[ECO "B90"]
[WhiteElo "2246"]
[BlackElo "1858"]
[Annotator ",Seb"]
[PlyCount "61"]
[TimeControl "240+2"]

{512MB, Opening Tree.ctg} 1. e4 c5 2. Nf3 d6 3. d4 cxd4 4. Nxd4 Nf6 5. Nc3 a6
6. Be3 e5 7. Nf3 Nbd7 8. Bc4 Be7 9. Bg5 Qc7 10. Bb3 Rb8 11. Nd2 b5 12. Bxf6
Nxf6 13. Nf1 Qc5 14. Ne3 O-O 15. O-O Rd8 16. Qd3 Bb7 17. a4 b4 18. Ncd5 Bxd5
19. Bxd5 a5 20. Qb3 Rf8 21. Rad1 Nd7 22. Nf5 Rbe8 23. Bc4 Nb6 24. Bb5 Qc7 25.
Bxe8 Rxe8 26. Nxe7+ Rxe7 27. c3 bxc3 28. Rc1 Qd8 29. Rxc3 Rb7 30. Rfc1 h6 31.
Rc8 1-0